 Dungeon Crawl Stone Soup version 0.31-a0-691-g409c26aa35 (webtiles) character file.

Game seed: 1003249900782937661

82 Ge0ff the Changeling (level 4, 0/54 HPs)
             Began as a Demigod Shapeshifter on Sept 6, 2023.
             Slain by a gnoll
             ... wielding a +1 whip of venom
              (1 damage)
             ... on level 2 of the Dungeon.
             The game lasted 00:02:55 (1414 turns).

Ge0ff the Changeling (Demigod Shapeshifter)         Turns: 1414, Time: 00:02:55

Health: 0/54       AC: 22    Str: 21    XL:     4   Next: 1%
Magic:  6/6        EV:  2    Int: 16    God:
Gold:   52         SH:  0    Dex: 13    Spells: 3/3 levels left

rFire   . . .        a - +4 dagger
rCold   . . .        (no shield)
rNeg    . . .        V - melded +0 animal skin
rPois   +            (helmet currently unavailable)
rElec   .            (cloak currently unavailable)
rCorr   .            (gloves currently unavailable)
SInv    .            (boots currently unavailable)
Will    .....        N - amulet of the acrobat
Stlth   ++           M - +6 ring of strength
HPRegen 0.29/turn    (no ring)
MPRegen 0.10/turn

%: acrobat
@: lethally poisoned (0 -> -8), tree-form, attractive
A: stationary, stasis, torment immunity, boosted hp, high MP 1, forlorn, divine
attributes
a: no special abilities


You were on level 2 of the Dungeon.
You were a tree.
You visited 1 branch of the dungeon, and saw 2 of its levels.

You collected 132 gold pieces.
You spent 80 gold pieces at shops.

Inventory:

Hand Weapons
 a - a +4 dagger (weapon)
Missiles
 W - 5 stones
Armour
 R - a +0 kite shield
 V - a +0 animal skin (melded)
Jewellery
 M - a +6 ring of strength (left branch)
 N - an amulet of the acrobat (around neck)
Talismans
 c - a beast talisman
 d - a flux talisman
Scrolls
 E - a scroll of fear
 I - a scroll of identify {unknown}
 J - a scroll of noise
 O - 3 scrolls of enchant weapon {unknown}
 S - a scroll of butterflies {unknown}
 T - 2 scrolls of teleportation
 U - a scroll of enchant armour {unknown}
 X - a scroll of blinking {unknown}
 Z - a scroll of revelation {unknown}
Potions
 K - a potion of might {unknown}
 P - a potion of haste {unknown}
 Q - a potion of enlightenment {unknown}
 Y - a potion of brilliance {unknown}


   Skills:
 - Level 2.0 Fighting
 + Level 0.9 Short Blades
 - Level 2.0 Dodging
 - Level 1.0 Stealth
 - Level 3.1 Unarmed Combat
 + Level 3.2 Shapeshifting


You had 3 spell levels left.
You didn't know any spells.
Your spell library was empty.

Dungeon Overview and Level Annotations

Branches:
Dungeon (2/15) Zot: 10587

Shops:
D:2 ?


Innate Abilities, Weirdness & Mutations

You are a tree.
Your roots penetrate the ground, keeping you stationary.
You cannot be teleported.
You are immune to unholy pain and torment.
Your maximum health is greatly increased.
Your equipment is partially melded.
You have an increased reservoir of magic. (+10% MP)
You shall have no god before yourself.
Your divine heritage dramatically boosts your attributes as you level up.


Message History

You kill the gnoll!
You have reached level 4!
Things that are here:
a +2 whip of pain; a +0 spear
W - 5 stones (gained 2)
Things that are here:
a +0 dagger; a kobold corpse You now have 52 gold pieces (gained 10).
There is a stone staircase leading down here.
Found a stone staircase leading down.
H - a blue potion
Found a robe.
A gnoll comes into view. It is wielding a +1 whip of venom.
A gnoll is nearby!
The gnoll shouts!
The gnoll hits you with a +1 whip of venom.
You are poisoned.
You hit the gnoll.
The gnoll is moderately wounded.
You feel very sick.
The gnoll hits you with a +1 whip of venom!
You are lethally poisoned!
Your transformation has ended.
You turn into a tree.
Your +0 animal skin melds into your body.
Your roots penetrate the ground.
You feel extremely sick. The gnoll hits you but does no damage.
You hit the gnoll.
The gnoll is moderately wounded.
* * * LOW HITPOINT WARNING * * *
You feel very sick. The gnoll hits you but does no damage.
You hit the gnoll.
The gnoll is heavily wounded.
* * * LOW HITPOINT WARNING * * *
You feel very sick.
The gnoll hits you with a +1 whip of venom.
* * * LOW HITPOINT WARNING * * *
You closely miss the gnoll.
The gnoll is heavily wounded.
* * * LOW HITPOINT WARNING * * *
You feel very sick. The gnoll hits you but does no damage.
It was a potion of attraction.
You feel attractive to monsters.
* * * LOW HITPOINT WARNING * * *
You feel very sick.
The gnoll hits you with a +1 whip of venom.
You die...

##.###...##.#######
....##...<........#
##..##...##.##.##.#
#......## ## ##.###
##.###.# #.#....
##.###.###.##.#..###
##......##....!.....#
...###...#...###.##.#
....##.......# #♣...#
###.##...#...# #g#..#
#.............[#..#
#.###........###..#
#.# ####....####..#
#.# #..♣P..#....#
#.## #.#
#........##.# #..#
#.# ##....##.##.#
#..# ..# #... ##.##.#
#..#


You could see a gnoll.

Vanquished Creatures
  4 gnolls
  2 endoplasms
  2 giant cockroaches (D:1)
  2 goblins
  9 hobgoblins
  2 jackals (D:1)
  4 kobolds
  4 ball pythons
  5 bats
  3 frilled lizards (D:1)
  4 rats (D:1)
41 creatures vanquished.

Notes
Turn   | Place    | Note
-------+----------+-------------------------------------------
     0 | D:1      | Ge0ff the Demigod Shapeshifter began the quest for the Orb.
     0 | D:1      | Reached XP level 1. HP: 15/15 MP: 3/3
   101 | D:1      | Reached skill level 1 in Fighting
   265 | D:1      | Reached skill level 1 in Stealth
   265 | D:1      | Reached XP level 2. HP: 11/23 MP: 4/4
   533 | D:1      | Reached XP level 3. HP: 26/28 MP: 5/5
  1156 | D:2      | Found Xicesch's Magic Scroll Boutique.
  1170 | D:2      | Bought a scroll of fear for 40 gold pieces
  1170 | D:2      | Bought a scroll of noise for 10 gold pieces
  1170 | D:2      | Bought a scroll of teleportation for 30 gold pieces
  1243 | D:2      | Reached XP level 4. HP: 16/36 MP: 6/6
  1414 | D:2      | HP: 1/54 [poisoned by a gnoll]
  1414 | D:2      | Slain by a gnoll

Illustrated notes

Levels and vault maps discovered:
D:1:      dpeg_arrival_radiant, layout_basic
D:2:      layout_loops_ring, serial_shops, shop, kennysheep_doodads,
          serial_bayou_ford_a, serial_park_tiny_1

Skill      XL: |  1  2  3 |
---------------+----------+-----
Fighting       | 1 2 |  2.0
Dodging        | 2 |  2.0
Stealth        | 1 |  1.0
Unarmed Combat | 3 |  3.1
Shapeshifting  | 3 |  3.2
Short Blades   | |  0.9

Action                     |  1- 3 |  4- 6 || total
---------------------------+-------+-------++-------
  Melee: Unarmed           |    81 |       ||    81
         Dagger            |    25 |     4 ||    29
    Use: Potion            |       |     2 ||     2
   Stab: Sleeping          |     1 |       ||     1
 Armour: Animal skin       |    37 |     2 ||    39
         Skin              |       |     5 ||     5
  Dodge: Dodged            |    68 |       ||    68

Table legend: (Time is in decaauts)
 A = Elapsed time spent in this place.
 B = Non-inter-level travel time spent in this place.
 C = Inter-level travel time spent in this place.
 D = Time resting spent in this place.
 E = Time spent auto-exploring this place.
 F = Levels seen in this place.
 G = Mean time per level.
                   A        B        C        D        E       F      G
               +--------+--------+--------+--------+--------+-----+--------+
         Total |   1411 |   1394 |     17 |      0 |   1030 |   2 |  705.5 |
       Dungeon |   1411 |   1394 |     17 |      0 |   1030 |   2 |  705.5 |
               +--------+--------+--------+--------+--------+-----+--------+

Top non-repeatable levels by time:
     D:1: 848 daAuts
     D:2: 562 daAuts
